 Dungeon Crawl Stone Soup version 0.22-a0-833-g8522bf8 (webtiles) character file.

108 Amnesiac the Magician (level 4, -6/30 HPs)
             Began as a Mummy Earth Elementalist on July 25, 2018.
             Mangled by a centaur (9 damage)
             ... on level 7 of the Dungeon.
             The game lasted 00:02:50 (1617 turns).

Amnesiac the Magician (Mummy Earth Elementalist)    Turns: 1617, Time: 00:02:51

Health: -6/30      AC:  2    Str: 11    XL:     4   Next: 58%
Magic:  5/10       EV: 12    Int: 15    God:
Gold:   59         SH:  0    Dex: 12    Spells: 1/11 levels left

rFire    x . .     SeeInvis .   a - +0 short sword (venom)
rCold    + . .     Gourm    .   (no shield)
rNeg     + + +     Faith    .   c - +0 robe
rPois    ∞         Spirit   .   (no helmet)
rElec    .         Reflect  .   (no cloak)
rCorr    .         Harm     .   (no gloves)
MR       .....                  (no boots)
Stlth    ++........             (no amulet)
HPRegen  0.10/turn              (no ring)
MPRegen  0.12/turn              (no ring)

@: very slightly contaminated
A: no food or potions, fire vulnerability, cold resistance 1, negative energy
resistance 3, torment resistance, unbreathing
a: no special abilities


You were on level 7 of the Dungeon.
You were not hungry.

You visited 1 branch of the dungeon, and saw 5 of its levels.

You collected 59 gold pieces.

Inventory:

Hand Weapons
 a - a +0 short sword of venom (weapon)
 b - a +0 hunting sling
Missiles
 g - 16 stones (quivered)
 h - 13 sling bullets
Armour
 c - a +0 robe (worn)
Scrolls
 d - 3 scrolls of random uselessness {!r, unknown}
 e - a scroll of remove curse {!r, unknown}
 f - a scroll of fear {!r, unknown}
 i - a scroll of teleportation {!r, unknown}


   Skills:
 - Level 1.5 Dodging
 - Level 1.5 Stealth
 + Level 4.0 Spellcasting
 - Level 0.7 Transmutations
 * Level 4.0 Earth Magic


You had one spell level left.
You knew the following spells:

 Your Spells              Type           Power        Failure   Level  Hunger
a - Sandblast             Erth           ###...       3%          1    N/A
b - Passwall              Tmut/Erth      ##......     11%         2    N/A
c - Stone Arrow           Conj/Erth      #.....       24%         3    N/A
e - Petrify               Tmut/Erth      ##......     56%         4    N/A

Your spell library contained the following spells:

 Spells                   Type           Power        Failure   Level  Hunger
 Lee's Rapid Deconstruct  Erth           ###.......   67%         5    N/A

Dungeon Overview and Level Annotations

Branches:
Dungeon (4/15)
 Temple: D:4-7

Altars:
Qazlal
Xom
Zin

Annotations:
D:2 Robin


Innate Abilities, Weirdness & Mutations

You do not eat or drink.
Your flesh is vulnerable to fire.
You are immune to poison.
Your flesh is cold resistant. (rC+)
You are immune to negative energy. (rN+++)
You are immune to unholy pain and torment.
You can survive without breathing.


Message History

The shaft crumbles and collapses.
Unknown command.
You start resting.
Magic restored.
You start resting.
HP restored.
You found an alarm trap!
You found a teleport trap!
A centaur comes into view.
The centaur shouts!
The centaur wields a shortbow.
The centaur shoots an arrow.
The arrow hits you!
The centaur shoots an arrow.
The arrow misses you.
You see here an arrow.
The centaur unwields an uncursed shortbow.
The centaur barely misses you.
Casting: Sandblast (safe; 3% risk of failure)
Confirm with . or Enter, or press ? or * to list all spells.
Aiming: Sandblast (safe; 3% risk of failure)
Press: ? - help, Shift-Dir - straight line, f - centaur
Aim: a centaur The blast of sand hits the centaur.
The centaur is moderately wounded.
g - 19 stones The centaur hits you.
* * * LOW HITPOINT WARNING * * *
Casting: Sandblast (safe; 3% risk of failure)
Confirm with . or Enter, or press ? or * to list all spells.
Aiming: Sandblast (safe; 3% risk of failure)
Press: ? - help, Shift-Dir - straight line, f/p - centaur
Aim: a centaur (moderately wounded)
The blast of sand hits the centaur.
The centaur is heavily wounded.
g - 18 stones The centaur closely misses you.
The centaur hits you.
* * * LOW HITPOINT WARNING * * *
Casting: Sandblast (safe; 3% risk of failure)
Confirm with . or Enter, or press ? or * to list all spells.
Aiming: Sandblast (safe; 3% risk of failure)
Press: ? - help, Shift-Dir - straight line, f/p - centaur
Aim: a centaur (heavily wounded)
The blast of sand hits the centaur.
The centaur is severely wounded.
g - 17 stones The centaur misses you.
Casting: Sandblast (safe; 3% risk of failure)
Confirm with . or Enter, or press ? or * to list all spells.
Aiming: Sandblast (safe; 3% risk of failure)
Press: ? - help, Shift-Dir - straight line, f/p - centaur
Aim: a centaur (severely wounded)
You miscast Sandblast.
You are very lightly contaminated with residual magic.
Nothing appears to happen.
The centaur hits you.
* * * LOW HITPOINT WARNING * * *
The centaur hits you.
* * * LOW HITPOINT WARNING * * *
Casting: Sandblast (safe; 3% risk of failure)
Confirm with . or Enter, or press ? or * to list all spells.
Aiming: Sandblast (safe; 3% risk of failure)
Press: ? - help, Shift-Dir - straight line, f/p - centaur
Aim: a centaur (severely wounded)
The blast of sand misses the centaur.
g - 16 stones The centaur hits you!
You die...

### #.. #.#
######c# #
...##@# #.
##.##(#.#
##.###.....>.#
........##(....#
##...^..########
##.......##
#.........#
#.........#
#.........#


You could see a centaur.

Vanquished Creatures
  Terence (D:3)
  A worker ant (D:4)
  2 gnolls (D:4)
  A worm (D:2)
  A dart slug (D:3)
  A leopard gecko (D:1)
  A giant cockroach (D:3)
  6 goblins
  3 hobgoblins
  4 jackals (D:1)
  A ball python (D:2)
  2 bats
  3 frilled lizards
  6 kobolds (D:1)
  A rat (D:2)
34 creatures vanquished.

Notes
Turn   | Place    | Note
-------+----------+-------------------------------------------
     0 | D:1      | Amnesiac the Mummy Earth Elementalist began the quest for the Orb.
     0 | D:1      | Reached XP level 1. HP: 13/13 MP: 4/4
   282 | D:1      | Reached XP level 2. HP: 7/19 MP: 1/5
   539 | D:1      | Learned a level 2 spell: Passwall
   846 | D:1      | Reached XP level 3. HP: 8/24 MP: 3/7
  1019 | D:2      | Noticed Robin
  1120 | D:3      | Found a stormy altar of Qazlal.
  1121 | D:3      | Noticed Terence
  1179 | D:3      | Killed Terence
  1334 | D:4      | Reached XP level 4. HP: 30/30 MP: 9/9
  1339 | D:4      | Learned a level 3 spell: Stone Arrow
  1344 | D:4      | Learned a level 4 spell: Petrify
  1348 | D:4      | Noticed an angel
  1349 | D:4      | Found a shimmering altar of Xom.
  1351 | D:4      | Found a glowing silver altar of Zin.
  1352 | D:4      | Noticed a phantom
  1406 | D:4      | You fall through a shaft for 3 floors!
  1610 | D:7      | Noticed a centaur
  1617 | D:7      | Mangled by a centaur

Vault maps used:
D:1:      lightli_arrival_chessboard, minmay_hexomino_u4
D:2:      wad_pebble_path, chequers_temple_overflow_minitemple, uniq_robin
D:3:      old_standard_altar, lemuel_crystal_altar,
          gammafunk_ghost_nasty_kobolds, first_ration, trog_wizard,
          uniq_terence, uniq_crazy_yiuf_cottage
D:4:      grunt_temple_overflow_order_and_chaos_1, kennysheep_little_box,
          kennysheep_mini_moat, minmay_temple_entry_hall

Skill      XL: |  1  2  3  4 |
---------------+-------------+-----
Spellcasting   | 3 4 |  4.0
Earth Magic    | 3 4 |  4.0
Dodging        | |  1.5
Stealth        | |  1.5
Transmutations | |  0.7

Action                   |  1- 3 |  4- 6 || total
-------------------------+-------+-------++-------
Melee: Whip              |    13 |       ||    13
       Short sword       |    48 |     4 ||    52
 Cast: Sandblast         |    32 |     7 ||    39
       Passwall          |     1 |       ||     1
 Stab: Sleeping          |     1 |       ||     1
Armor: Robe              |    20 |       ||    20
Dodge: Dodged            |    60 |    13 ||    73

Table legend:
 A = Spawn XP
 B = Non-spawn XP
 C = Spawn XP percentage of total XP
 D = Spawn monster count
 E = Non-spawn monster count
 F = Spawn count percentage of total count
 G = Total turns spent on level
                    A         B        C        D         E        F      G
               +---------+---------+-------+---------+---------+-------+---------
         Total |       0 |     155 |   0.0 |       0 |      34 |   0.0 |  1617
               +---------+---------+-------+---------+---------+-------+---------
           D:1 |       0 |      24 |   0.0 |       0 |      15 |   0.0 |   873
           D:2 |       0 |      22 |   0.0 |       0 |      11 |   0.0 |    87
           D:3 |       0 |      46 |   0.0 |       0 |       5 |   0.0 |   365
           D:4 |       0 |      63 |   0.0 |       0 |       3 |   0.0 |    81
               +---------+---------+-------+---------+---------+-------+---------
